 Dungeon Crawl Stone Soup version 0.19.1 (webtiles) character file.

67 Aksej the Chopper (level 4, -3/33 HPs)
             Began as a Demonspawn Gladiator on Dec 21, 2016.
             Slain by a gnoll
             ... wielding a +0 spear
              (6 damage)
             ... on level 2 of the Dungeon.
             The game lasted 00:02:52 (780 turns).

Aksej the Chopper (Demonspawn Gladiator)             Turns: 780, Time: 00:02:53

Health: -3/33      AC:  7    Str: 17    XL:     4   Next: 0%
Magic:  4/4        EV: 12    Int:  9    God:
Gold:   118        SH:  0    Dex: 13    Spells: 0 memorised, 3 levels left

rFire  + . .     SeeInvis .     a - +0 war axe
rCold  . . .     Gourm    .     n - +0 ring mail
rNeg   . . .     Faith    .     (no shield)
rPois  .         Spirit   .     c - +0 helmet
rElec  .         Reflect  .     l - +0 cloak
rCorr  .         Harm     .     (no gloves)
MR     .....                    (no boots)
Stlth  +.........               (no amulet)
                                (no ring)
                                g - ring of protection from fire

@: lethally poisoned (-3 -> -8)
A: powered by pain 2
a: no special abilities


You were on level 2 of the Dungeon.
You were not hungry.

You visited 1 branch of the dungeon, and saw 2 of its levels.

You collected 118 gold pieces.

Inventory:

Hand Weapons
 a - a +0 war axe (weapon)
Missiles
 d - 3 throwing nets (quivered)
Armour
 c - a +0 helmet (worn)
 l - a +0 cloak (worn)
 n - a +0 ring mail (worn)
Jewellery
 g - a ring of protection from fire (left hand)
Potions
 b - 2 potions of berserk rage {unknown}
 i - 2 potions of curing {unknown}
 m - a potion of resistance
Comestibles
 f - 2 bread rations
 h - 7 chunks of flesh


   Skills:
 + Level 2.2 Fighting
 * Level 4.1 Axes
 + Level 1.7 Throwing
 + Level 3.0 Dodging


You had 3 spell levels left.
You didn't know any spells.

Dungeon Overview and Level Annotations

Branches:
Dungeon (2/15)

Altars:


Innate Abilities, Weirdness & Mutations

You sometimes gain power by taking damage.


Message History

The gnoll closely misses you. The adder misses you.
The gnoll closely misses you. x2
Okay, then.
The gnoll closely misses you. The adder bites you but does no damage.
The adder barely misses you.
You see here 13 gold pieces.
You see here a leather armour.
You slash the adder!
The adder is severely wounded.
The adder bites you.
* * * LOW HITPOINT WARNING * * *
You are lethally poisoned!
The adder poisons you! The adder closely misses you.
You hit the adder but do no damage.
The adder is severely wounded.
* * * LOW HITPOINT WARNING * * *
You feel sick.
The gnoll hits you from afar with a spear.
You die...

.8.8..#.#.. #.#.##.####
..8.....#%##+# #.#....###
.......)#.##.# #.###.(#..
..........##.# #.# #..#.##
.......)g...># #.###..#... #.g.#
#.# #......#... # ......#S## #.#
#.##...#...
#.#########.g###.#######.(.#...
#..<........gS@................
........#####.b###.########.####.
#####.#.# #......................
..#.# #.#..###.########...... ###
# #.#... #.. .....#### # #.#. #..
####.#... #.#.##..# .#.## #.
.##... #.#. #... ###.#.


You could see 3 gnolls, an adder, a bat and a ball python.

Vanquished Creatures
  A gnoll (D:2)
  An adder (D:2)
  An ooze (D:1)
  A worm (D:1)
  2 dart slugs (D:1)
  3 leopard geckos (D:1)
  A giant cockroach (D:2)
  4 hobgoblins
  2 jackals (D:1)
  8 kobolds (D:1)
  A ball python (D:2)
  7 bats
  2 frilled lizards (D:1)
  A goblin (D:1)
  2 rats
37 creatures vanquished.

Notes
Turn   | Place    | Note
-------+----------+-------------------------------------------
     0 | D:1      | Aksej the Demonspawn Gladiator began the quest for the Orb.
     0 | D:1      | Reached XP level 1. HP: 16/16 MP: 1/1
    46 | D:1      | Reached skill level 3 in Axes
    46 | D:1      | Gained mutation: You sometimes gain a little power by taking damage. [demonic ancestry]
    46 | D:1      | Reached XP level 2. HP: 21/22 MP: 2/2
   278 | D:1      | Reached XP level 3. HP: 21/27 MP: 3/3
   756 | D:2      | Reached skill level 4 in Axes
   764 | D:2      | Found a faded altar of an unknown god.
   768 | D:2      | Gained mutation: You sometimes gain power by taking damage. [demonic ancestry]
   768 | D:2      | Reached XP level 4. HP: 27/33 MP: 4/4
   780 | D:2      | Slain by a gnoll

Skill      XL: |  1  2  3 |
---------------+----------+-----
Axes           | 3 4 |  4.1
Dodging        | 3 |  3.0
Fighting       | |  2.2
Throwing       | |  1.7

Action                   |  1- 3 |  4- 6 || total
-------------------------+-------+-------++-------
Melee: War axe           |    94 |     7 ||   101
  Use: Scroll            |     4 |       ||     4
       Potion            |     1 |       ||     1
Armor: Leather armour    |    17 |       ||    17
       Ring mail         |    28 |     5 ||    33
Dodge: Dodged            |   111 |    24 ||   135
